Map: Acolyte LE

Players

TenaciousDG

  • Race: Zerg Zerg
  • League: Diamond
  • Spawn Location: 7:00

FisterRoboto - Winner!

  • Race: Zerg Zerg
  • League: Diamond
  • Spawn Location: 1:00

VOD

Have the link to the VOD?

Description

Time

  • Played on: Sept. 1, 2017, 11:54 p.m.
  • Length: 14:02
Show
View Real Time Build Order
Export as new Build Order

TenaciousDG Zerg 

Build Orders: Pool First 

Get SALT Encoding   

  12  0:01  Drone  
  13  0:14  Overlord  
  13  0:20  Drone  
  14  0:33  Drone  
  14  0:34  Drone  
  16  0:37  Drone  
  17  0:47  Spawning Pool  
  16  0:53  Drone  
  17  1:16  Hatchery  
  16  1:20  Drone x2  
  18  1:26  Overlord  
  18  1:27  Extractor  
  17  1:37  Queen  
  19  1:50  Drone x2  
  21  1:58  Drone  
  22  2:04  Zergling x2  
  23  2:13  Queen  
  25  2:27  Queen  
  25  2:29  Metabolic Boost  
  27  2:36  Drone x4  
  31  2:48  Baneling Nest  
  29  3:15  Drone x5  
  29  3:16  Overlord  
  34  3:32  Overlord  
  34  3:33  Overlord  
  34  3:46  Hatchery  
  33  3:49  Zergling x2  
  33  3:50  Zergling x12  
  40  4:08  Zergling x2  
  40  4:09  Baneling x4  
  41  4:10  Zergling x8  
  41  4:11  Zergling x6  
  40  4:41  Queen x2  
  44  4:46  Zergling x8  
  48  5:02  Zergling x8  
  48  5:06  Queen  
  54  5:15  Zergling x10  
  56  5:24  Zergling x6  
  42  5:36  Baneling x2  
  31  5:52  Zergling x2  
  31  5:53  Zergling x16  
  39  5:59  Lair  
  39  6:09  Zergling x6  
  42  6:11  Baneling x2  
  42  6:12  Baneling x6  
  29  6:33  Zergling x12  
  29  6:34  Zergling x8  
  29  6:37  Queen  
  29  6:39  Baneling x2  
  40  6:50  Zergling x8  
  40  6:53  Baneling x3  
  40  6:54  Baneling x2  
  44  6:57  Drone x2  
  46  7:01  Extractor  
  33  7:21  Zergling x2  
  33  7:22  Zergling x12  
  35  7:37  Evolution Chamber  
  30  7:47  Baneling x5  
  30  7:48  Baneling  
  30  7:53  Zergling x6  
  30  7:54  Zergling x8  
  32  8:20  Zergling x2  
  32  8:21  Zergling x12  
  39  8:30  Zerg Melee Weapons Level 1  
  39  8:39  Baneling x4  
  39  8:40  Baneling x2  
  39  8:51  Baneling  
  39  8:52  Baneling  
  31  9:03  Zergling x6  
  31  9:04  Zergling x6  
  36  9:31  Baneling Nest  
  30  9:56  Queen  
  30  9:57  Queen  
  30  9:58  Drone  
  35  10:01  Hatchery  
  34  10:14  Drone x6  
  37  10:28  Baneling x4  
  37  10:33  Drone x2  
  39  10:39  Zergling x2  
  39  10:40  Zergling x2  
  38  10:50  Zergling x2  
  38  10:51  Zergling x2  
  40  10:58  Zerg Ground Armor Level 1  
  40  10:59  Drone x2  
  42  11:17  Zergling x2  
  42  11:18  Zergling x12  
  49  11:20  Queen  
  49  11:23  Pneumatized Carapace  
  51  11:33  Extractor  
  51  11:34  Extractor  
  51  11:39  Spine Crawler  
  48  11:50  Drone x6  
  48  11:51  Drone x3  
  57  12:06  Overlord x2  
  57  12:31  Zergling x6  
  57  12:32  Zergling x10  
  61  12:50  Spire  
  57  13:11  Zergling x2  
  57  13:12  Zergling x16  
  66  13:22  Hydralisk Den  
  66  13:25  Drone x2  
  67  13:27  Infestation Pit  
  65  13:42  Overlord  
Show
View Real Time Build Order
Export as new Build Order

FisterRoboto Zerg - Winner!

Build Orders: Hatch First 

Get SALT Encoding   

  12  0:01  Drone  
  13  0:15  Overlord  
  13  0:19  Drone  
  14  0:34  Drone  
  14  0:35  Drone  
  16  0:38  Drone  
  17  0:53  Hatchery  
  17  0:56  Drone  
  17  1:00  Drone  
  18  1:12  Extractor  
  18  1:15  Spawning Pool  
  18  1:17  Drone  
  17  1:21  Drone  
  18  1:33  Drone  
  19  1:43  Overlord  
  19  2:04  Queen x2  
  19  2:05  Zergling x6  
  26  2:13  Drone  
  27  2:16  Drone  
  27  2:18  Metabolic Boost  
  28  2:25  Drone  
  29  2:30  Drone  
  29  2:36  Baneling Nest  
  29  2:37  Drone x2  
  31  2:52  Hatchery  
  31  2:55  Drone  
  31  2:56  Drone  
  31  3:06  Overlord  
  31  3:12  Zergling x6  
  34  3:16  Zergling x2  
  35  3:26  Zergling x10  
  35  3:27  Zergling x2  
  41  3:40  Zergling x4  
  43  3:44  Overlord  
  43  3:50  Overlord  
  43  3:54  Zergling x2  
  44  4:06  Zergling x12  
  44  4:07  Zergling x2  
  51  4:10  Baneling x3  
  51  4:11  Baneling  
  48  4:18  Zergling x6  
  46  4:24  Zergling x2  
  46  4:27  Zergling x10  
  48  4:35  Zergling x8  
  51  4:39  Zergling x2  
  51  4:44  Queen  
  54  4:48  Baneling  
  54  4:52  Baneling x2  
  54  4:57  Zergling x6  
  55  5:08  Baneling  
  55  5:11  Baneling x6  
  57  5:14  Zergling x4  
  53  5:21  Zergling x4  
  53  5:22  Zergling x4  
  53  5:33  Zergling x6  
  53  5:34  Zergling x6  
  49  5:43  Zergling x8  
  52  5:52  Zergling x4  
  52  5:55  Baneling x4  
  52  5:56  Zergling x2  
  51  6:06  Zergling x6  
  51  6:07  Baneling x4  
  51  6:08  Baneling  
  53  6:21  Zergling x6  
  54  6:29  Zergling x12  
  47  6:36  Zergling x6  
  48  6:41  Baneling x2  
  48  6:42  Baneling  
  48  6:44  Baneling  
  48  6:47  Drone x3  
  49  6:53  Drone x2  
  53  6:59  Drone x3  
  50  7:17  Baneling x3  
  50  7:20  Zergling x8  
  50  7:21  Zergling x10  
  55  7:28  Zergling x6  
  57  7:34  Overlord x2  
  55  7:45  Zergling x8  
  55  7:49  Baneling x4  
  58  7:53  Drone x5  
  56  8:11  Zergling x22  
  60  8:23  Extractor  
  60  8:24  Extractor  
  60  8:26  Baneling x4  
  58  8:29  Drone x3  
  58  8:30  Drone x4  
  65  8:38  Drone x5  
  70  8:47  Zergling x10  
  73  8:55  Drone x3  
  73  9:00  Extractor  
  71  9:03  Extractor  
  67  9:14  Drone x5  
  67  9:15  Drone x4  
  73  9:20  Zergling x8  
  73  9:23  Roach Warren  
  73  9:25  Evolution Chamber  
  73  9:26  Zergling x2  
  73  9:30  Queen, Lair  
  73  9:36  Zergling x10  
  73  9:37  Overlord x2  
  74  9:42  Baneling  
  74  9:43  Baneling x3  
  74  9:47  Overlord  
  74  9:48  Overlord  
  74  10:04  Drone x8  
  74  10:05  Drone  
  83  10:08  Queen  
  83  10:20  Spore Crawler  
  82  10:21  Zerg Missile Weapons Level 1  
  82  10:25  Extractor  
  81  10:32  Roach  
  81  10:33  Roach x8  
  99  10:43  Overseer, Hydralisk Den  
  88  10:53  Roach x5  
  99  11:04  Roach x4  
  99  11:07  Overlord x2  
  105  11:11  Pneumatized Carapace  
  105  11:12  Hatchery  
  105  11:13  Glial Reconstitution  
  104  11:24  Drone  
  104  11:25  Overlord x4  
  105  11:35  Roach  
  105  11:36  Roach x4  
  115  11:53  Queen  
  117  11:56  Drone x9  
  117  11:57  Drone x3  
  117  12:00  Ravager  
  117  12:01  Ravager x7  
  137  12:06  Roach x2  
  137  12:07  Roach  
  143  12:20  Overlord x4  
  134  12:46  Hydralisk x10  
  134  12:50  Drone  
  134  12:51  Drone x3  
  143  13:10  Drone x11  
  154  13:13  Hydralisk  
  156  13:22  Queen  
  156  13:24  Queen  
  156  13:26  Extractor  
  159  13:27  Extractor  
  158  13:34  Drone x2  
  158  13:35  Drone x2  
Tags
 
Add a new tag
Caveats
  • Supply blocks, unpowered buildings, or Contaminate may cause inaccurate times.
  • Supply counts are checked every 10 seconds.